Winnipeg Jets vs Colorado Rockies
(R1)
Created - Saturday, September 14, 2024 at 08:48
Goals
|
| Winnipeg Jets |
0 |
2 |
0 |
1 |
3 |
| Colorado Rockies |
1 |
0 |
1 |
0 |
2 |
|
Shots
|
| Winnipeg Jets |
10 |
11 |
11 |
2 |
34 |
| Colorado Rockies |
15 |
7 |
4 |
0 |
26 |
|
1st period
1. Colorado Rockies , Ryan O'Reilly 2 (Nikita Kucherov 16, Jesper Bratt 10) at 17:50 (PP)
Penalties :
Vince Dunn (COL) for Diving (Minor) at 5:50, Oliver Ekman-Larsson (WPG) for Delaying the game (Minor) at 16:59
2nd period
2. Winnipeg Jets , Mason Appleton 3 (Connor Bedard 7, Joel Armia 11) at 2:20 (PP)
3. Winnipeg Jets , Connor McDavid 11 (Alexis Lafreniere 12) at 12:20 (PP)
Penalties :
Nikita Zadorov (COL) for Tripping (Minor) at 2:12, Adam Lowry (WPG) for Cross-checking (Minor) at 3:00, Victor Hedman (COL) for Roughing (Minor) at 4:36, Nikita Zadorov (COL) for Interference (Minor) at 8:15, Victor Hedman (COL) for Holding (Minor) at 11:30, Kyle Palmieri (COL) for High sticking (Double Minor) at 15:05
3rd period
4. Colorado Rockies , Kyle Connor 11 (David Pastrnak 14, Quinn Hughes 8) at 4:03 (PP)
Penalties :
Oliver Ekman-Larsson (WPG) for Roughing (Minor) at 3:10, David Pastrnak (COL) for Hooking (Minor) at 5:37, Nick Bonino (COL) for Interference (Minor) at 8:52, Nikita Zadorov (COL) for High sticking (Double Minor) at 9:19, Dylan Samberg (WPG) for Roughing (Minor) at 14:03, Joel Armia (WPG) for Tripping (Minor) at 17:05, Olen Zellweger (WPG) for Cross-checking (Minor) at 19:21
Overtime #1
5. Winnipeg Jets , Oliver Kylington 3 (Connor McDavid 17, Oliver Ekman-Larsson 5) at 0:12 (SH)
Penalties :
No Penalty
Goalie Stats
Ukko-Pekka Luukkonen (WPG), 24 saves from 26 shots - (0.923), W, 7-7-2, 60:12 minutes
Joey Daccord (COL), 31 saves from 34 shots - (0.912), OTL, 2-7-2, 60:12 minutes
Players Stats for Winnipeg Jets
Player Name G A P +/- PIM S H SB GA TA FO MP PP MP PK MP
------------------------------------------------------------------------------------
Adam Lowry 0 0 0 0 2 2 0 0 0 0 4/11 10:21 1:40 0:00
Alexis Lafreniere 0 1 1 0 0 2 2 0 1 0 2/5 23:06 9:00 3:45
Andre Burakovsky 0 0 0 0 0 3 0 0 0 0 0/0 11:01 0:04 0:00
Barclay Goodrow 0 0 0 0 0 1 1 0 1 0 0/0 8:22 0:00 0:00
Connor Bedard 0 1 1 0 0 2 1 0 0 0 4/11 21:20 7:00 3:59
Connor McDavid 1 1 2 1 0 6 2 0 2 1 16/25 22:25 8:04 3:43
Dylan Samberg 0 0 0 0 2 2 0 2 0 0 0/0 15:27 0:29 2:45
Jason Zucker 0 0 0 0 0 2 4 0 0 0 1/1 12:18 0:51 0:40
Joel Armia 0 1 1 0 2 2 1 0 0 0 1/2 11:41 6:43 0:00
Mason Appleton 1 0 1 0 0 4 0 1 0 0 0/0 15:07 6:55 0:00
Nate Schmidt 0 0 0 0 0 0 1 0 0 1 0/0 9:48 0:26 0:00
Olen Zellweger 0 0 0 0 2 1 1 0 0 1 0/0 18:56 8:40 1:42
Oliver Ekman-Larsson 0 1 1 1 4 2 3 0 0 1 0/0 26:19 8:40 3:41
Oliver Kylington 1 0 1 1 0 1 1 0 0 1 0/0 26:29 7:47 4:23
Olli Maatta 0 0 0 0 0 1 3 1 0 1 0/0 23:21 7:50 3:45
Ridly Greig 0 0 0 0 0 0 0 0 0 0 1/2 7:16 1:57 0:00
Sam Steel 0 0 0 0 0 1 0 0 0 0 0/0 6:22 0:38 0:02
Tom Wilson 0 0 0 0 0 2 3 0 1 0 1/1 22:32 7:56 3:55
Players Stats for Colorado Rockies
Player Name G A P +/- PIM S H SB GA TA FO MP PP MP PK MP
------------------------------------------------------------------------------------
Andrew Peeke 0 0 0 0 0 0 2 1 0 1 0/0 13:30 0:00 3:08
David Pastrnak 0 1 1 0 2 3 3 1 2 0 0/3 21:22 3:47 6:01
Evgeny Kuznetsov 0 0 0 0 0 0 1 0 1 0 3/5 4:29 0:14 0:00
Jesper Bratt 0 1 1 -1 0 1 1 0 1 0 0/2 21:56 3:55 7:21
Kevin Hayes 0 0 0 0 0 0 0 0 0 0 0/0 1:16 0:01 0:45
Kyle Connor 1 0 1 0 0 2 1 3 1 0 0/0 16:00 3:47 1:19
Kyle Palmieri 0 0 0 0 4 5 0 0 0 1 0/2 11:02 0:00 1:33
Martin Fehervary 0 0 0 -1 0 2 2 2 0 1 0/0 23:29 3:43 8:06
Michael Bunting 0 0 0 0 0 2 1 1 0 0 0/0 8:50 0:00 0:00
Nick Bonino 0 0 0 -1 2 0 0 1 0 0 0/1 4:32 0:00 0:34
Nick Schmaltz 0 0 0 0 0 3 1 0 0 0 4/6 13:17 0:01 0:00
Nikita Kucherov 0 1 1 0 0 3 1 0 0 0 4/7 21:08 4:08 7:05
Nikita Zadorov 0 0 0 -1 8 0 4 1 0 0 0/0 21:27 3:43 5:43
Quinn Hughes 0 1 1 0 0 1 1 6 0 1 0/0 26:59 4:13 9:03
Ryan O'Reilly 1 0 1 0 0 1 2 0 0 0 9/17 21:14 4:08 6:37
Tim Stutzle 0 0 0 0 0 3 1 0 1 0 8/15 15:46 3:47 1:05
Victor Hedman 0 0 0 0 4 0 0 1 0 1 0/0 24:01 4:12 6:37
Vince Dunn 0 0 0 0 2 0 0 0 0 0 0/0 11:30 0:00 1:14
3 Stars
1 - Connor McDavid (WPG)
2 - Oliver Kylington (WPG)
3 - Kyle Connor (COL)
Power Play
Winnipeg Jets - 2 on 11 Attempt(s) - 18.18%
Colorado Rockies - 2 on 6 Attempt(s) - 33.33%
Penalty Kill
Winnipeg Jets - 4 on 6 Attempt(s) - 66.67%
- Score 1 goal in Penalty Kill
Colorado Rockies - 9 on 11 Attempt(s) - 81.82%
- Score 0 goal in Penalty Kill
Team Stat
Winnipeg Jets - Hits : 23 - Faceoff Wins : 30 - Blocked Shots : 4 - Penalty Minutes : 12
Colorado Rockies - Hits : 21 - Faceoff Wins : 28 - Blocked Shots : 17 - Penalty Minutes : 22
Official
Referees : Dan O'Rourke and Tj Luxmore
Linesman : Ryan Gibbons and Mitchell Hunt
Game Notes
11:44 of 2nd period - Winnipeg Jets goal is going for a video replay. After video review, No Goal. The puck has entered the net after making contact with an attacking player’s stick that is above the height of the crossbar.
Finance
Level 1 -- Attendance: 5713 (95.22%) -- Ticket Income $514,170
Level 2 -- Attendance: 4495 (89.90%) -- Ticket Income $247,225
Level 3 -- Attendance: 2100 (70.00%) -- Ticket Income $73,500
Level 4 -- Attendance: 3664 (73.28%) -- Ticket Income $91,600
Luxury Box -- Attendance: 984 (98.40%) -- Ticket Income $172,200
Game was played at the Pepsi Center.
Total Attendance: 16956 (84.78%)
Total Ticket Income: $1,098,695
Other Income: $384,543
Total Income: $1,483,238
Winnipeg Jets
5 vs 5 Forward
Center Left Wing Right Wing Time % Phy DF OF
1 Connor McDavid Alexis Lafreniere Tom Wilson 30 1 2 2
2 Connor Bedard Andre Burakovsky Jason Zucker 30 1 2 2
3 Adam Lowry Barclay Goodrow Mason Appleton 25 1 2 2
4 Ridly Greig Sam Steel Joel Armia 15 1 2 2
5 vs 5 Defense
Defense Defense Time % Phy DF OF
1 Oliver Ekman-Larsson Oliver Kylington 30 1 2 2
2 Dylan Samberg Olli Maatta 30 1 2 2
3 Nate Schmidt Olen Zellweger 25 1 2 2
4 Oliver Ekman-Larsson Oliver Kylington 15 1 2 2
PowerPlay Forward
Center Left Wing Right Wing Time % Phy DF OF
1 Connor McDavid Alexis Lafreniere Tom Wilson 50 1 2 2
2 Connor Bedard Joel Armia Mason Appleton 50 1 2 2
PowerPlay Defense
Defense Defense Time % Phy DF OF
1 Oliver Ekman-Larsson Olen Zellweger 50 1 2 2
2 Oliver Kylington Olli Maatta 50 1 2 2
Penalty Kill 4 Players Forward
Center Wing Time % Phy DF OF
1 Connor McDavid Connor Bedard 50 1 2 2
2 Alexis Lafreniere Tom Wilson 50 1 2 2
Penalty Kill 4 Players Defense
Defense Defense Time % Phy DF OF
1 Oliver Ekman-Larsson Oliver Kylington 50 1 2 2
2 Dylan Samberg Olli Maatta 50 1 2 2
Penalty Kill - 3 Players Forward
Forward Time % Phy DF OF
1 Connor McDavid 50 1 2 2
2 Connor Bedard 50 1 2 2
Penalty Kill - 3 Players Defense
Defense Defense Time % Phy DF OF
1 Oliver Ekman-Larsson Oliver Kylington 50 1 2 2
2 Dylan Samberg Olli Maatta 50 1 2 2
4 vs 4 Forward
Center Wing Time % Phy DF OF
1 Connor McDavid Connor Bedard 50 1 2 2
2 Alexis Lafreniere Tom Wilson 50 1 2 2
4 vs 4 Defense
Defense Defense Time % Phy DF OF
1 Oliver Ekman-Larsson Oliver Kylington 50 1 2 2
2 Dylan Samberg Olli Maatta 50 1 2 2
Last Minutes Offensive
Center Left Wing Right Wing Defense Defense
Connor McDavid Alexis Lafreniere Tom Wilson Oliver Ekman-Larsson Olen Zellweger
Last Minutes Defensive
Center Left Wing Right Wing Defense Defense
Connor McDavid Alexis Lafreniere Tom Wilson Oliver Ekman-Larsson Oliver Kylington
Goaltenders
Starting : Ukko-Pekka Luukkonen
Backup : Martin Jones
Extra Forwards
Normal : Ridly Greig, Adam Lowry, Jason Zucker - PP : Ridly Greig, Adam Lowry - PK : Jason Zucker
Extra Defensemen
Normal : Oliver Ekman-Larsson, Olen Zellweger, Dylan Samberg - PP : Oliver Ekman-Larsson - PK : Olen Zellweger, Dylan Samberg
Penalty Shots
Connor McDavid, Connor Bedard, Alexis Lafreniere, Tom Wilson, Adam Lowry
Scratches
Cam Atkinson (Healthy), Brayden Pachal (Suspend)
Colorado Rockies
5 vs 5 Forward
Center Left Wing Right Wing Time % Phy DF OF
1 Ryan O'Reilly Jesper Bratt Nikita Kucherov 30 1 2 2
2 Tim Stutzle Kyle Connor David Pastrnak 30 1 2 2
3 Nick Schmaltz Kyle Palmieri Michael Bunting 25 1 2 2
4 Evgeny Kuznetsov Nick Bonino Nick Schmaltz 15 1 2 2
5 vs 5 Defense
Defense Defense Time % Phy DF OF
1 Victor Hedman Quinn Hughes 30 1 2 2
2 Nikita Zadorov Martin Fehervary 30 1 2 2
3 Vince Dunn Andrew Peeke 25 1 2 2
4 Victor Hedman Quinn Hughes 15 1 2 2
PowerPlay Forward
Center Left Wing Right Wing Time % Phy DF OF
1 Ryan O'Reilly Jesper Bratt Nikita Kucherov 50 1 2 2
2 Tim Stutzle Kyle Connor David Pastrnak 50 1 2 2
PowerPlay Defense
Defense Defense Time % Phy DF OF
1 Victor Hedman Quinn Hughes 50 1 2 2
2 Nikita Zadorov Martin Fehervary 50 1 2 2
Penalty Kill 4 Players Forward
Center Wing Time % Phy DF OF
1 Nikita Kucherov David Pastrnak 50 1 2 2
2 Ryan O'Reilly Jesper Bratt 50 1 2 2
Penalty Kill 4 Players Defense
Defense Defense Time % Phy DF OF
1 Victor Hedman Quinn Hughes 50 1 2 2
2 Nikita Zadorov Martin Fehervary 50 1 2 2
Penalty Kill - 3 Players Forward
Forward Time % Phy DF OF
1 Kyle Palmieri 50 1 2 2
2 Kevin Hayes 50 1 2 2
Penalty Kill - 3 Players Defense
Defense Defense Time % Phy DF OF
1 Victor Hedman Quinn Hughes 50 1 2 2
2 Nikita Zadorov Martin Fehervary 50 1 2 2
4 vs 4 Forward
Center Wing Time % Phy DF OF
1 Ryan O'Reilly David Pastrnak 50 1 2 2
2 Nick Bonino Jesper Bratt 50 1 2 2
4 vs 4 Defense
Defense Defense Time % Phy DF OF
1 Victor Hedman Quinn Hughes 50 1 2 2
2 Nikita Zadorov Martin Fehervary 50 1 2 2
Last Minutes Offensive
Center Left Wing Right Wing Defense Defense
Ryan O'Reilly Jesper Bratt Nikita Kucherov Victor Hedman Quinn Hughes
Last Minutes Defensive
Center Left Wing Right Wing Defense Defense
Ryan O'Reilly Jesper Bratt Nikita Kucherov Victor Hedman Quinn Hughes
Goaltenders
Starting : Joey Daccord
Backup : Daniil Tarasov
Extra Forwards
Normal : Evgeny Kuznetsov, Kevin Hayes, Kyle Palmieri - PP : Evgeny Kuznetsov, Kevin Hayes - PK : Kyle Palmieri
Extra Defensemen
Normal : Vince Dunn, Victor Hedman, Nikita Zadorov - PP : Vince Dunn - PK : Quinn Hughes, Nikita Zadorov
Penalty Shots
Nikita Kucherov, David Pastrnak, Ryan O'Reilly, Jesper Bratt, Tim Stutzle
Scratches
Jakub Vrana (Healthy)
% Time on Ice - Winnipeg Jets
Lines # - Real PCT - Wanted PCT - Time Play
Normal Forward
1 - 31% - 30% - 10:38
2 - 31% - 30% - 10:51
3 - 24% - 25% - 8:22
4 - 14% - 15% - 4:54
Normal Defense
1 - 30% - 30% - 10:18
2 - 33% - 30% - 11:23
3 - 27% - 25% - 9:22
4 - 11% - 15% - 3:42
PP Forward
1 - 49% - 50% - 8:18
2 - 51% - 50% - 8:38
PP Defense
1 - 51% - 50% - 8:40
2 - 49% - 50% - 8:16
PK Forward
1 - 50% - 50% - 3:59
2 - 50% - 50% - 3:57
PK Defense
1 - 53% - 50% - 4:11
2 - 47% - 50% - 3:45
PK3 Forward
1 - 100% - 50% - 0:12
2 - 0% - 50% - 0:00
PK3 Defense
1 - 100% - 50% - 0:12
2 - 0% - 50% - 0:00
44 Forward
1 - 87% - 50% - 0:20
2 - 13% - 50% - 0:03
44 Defense
1 - 0% - 50% - 0:00
2 - 100% - 50% - 0:23
Last Minute Offensive - 0:00
Last Minute Defensive - 0:00
Total
Forward - 60:12
Defense - 60:12
|
% Time on Ice - Colorado Rockies
Lines # - Real PCT - Wanted PCT - Time Play
Normal Forward
1 - 31% - 30% - 10:48
2 - 33% - 30% - 11:22
3 - 25% - 25% - 8:50
4 - 11% - 15% - 3:45
Normal Defense
1 - 30% - 30% - 10:22
2 - 34% - 30% - 11:41
3 - 28% - 25% - 9:44
4 - 9% - 15% - 2:58
PP Forward
1 - 52% - 50% - 4:08
2 - 48% - 50% - 3:48
PP Defense
1 - 53% - 50% - 4:13
2 - 47% - 50% - 3:43
PK Forward
1 - 51% - 50% - 7:55
2 - 49% - 50% - 7:29
PK Defense
1 - 44% - 50% - 6:51
2 - 56% - 50% - 8:33
PK3 Forward
1 - 51% - 50% - 0:47
2 - 49% - 50% - 0:45
PK3 Defense
1 - 48% - 50% - 0:44
2 - 52% - 50% - 0:48
44 Forward
1 - 60% - 50% - 0:21
2 - 40% - 50% - 0:14
44 Defense
1 - 66% - 50% - 0:23
2 - 34% - 50% - 0:12
Last Minute Offensive - 0:00
Last Minute Defensive - 0:00
Total
Forward - 60:12
Defense - 60:12
|
Play-by-Play
1st period
0:01 of 1st period - Connor McDavid wins face-off versus Ryan O'Reilly in neutral zone.
0:04 of 1st period - Slapshot by Alexis Lafreniere.
0:04 of 1st period - Shot Blocked by Victor Hedman.
0:06 of 1st period - Snap shot by Tom Wilson.
0:06 of 1st period - Shot Misses the Net.
0:08 of 1st period - Slapshot by Connor McDavid.
0:08 of 1st period - Stopped by Joey Daccord without a rebound.
0:09 of 1st period - Ryan O'Reilly wins face-off versus Alexis Lafreniere in Colorado Rockies zone.
0:30 of 1st period - Victor Hedman is hit by Oliver Ekman-Larsson and loses puck.
0:41 of 1st period - Snap shot by Connor McDavid.
0:41 of 1st period - Shot Blocked by Quinn Hughes.
0:50 of 1st period - Snap shot by Alexis Lafreniere.
0:50 of 1st period - Stopped by Joey Daccord without a rebound.
0:51 of 1st period - Tim Stutzle wins face-off versus Connor Bedard in Colorado Rockies zone.
1:40 of 1st period - Snap shot by Nick Schmaltz.
1:40 of 1st period - Stopped by Ukko-Pekka Luukkonen with a rebound.
1:42 of 1st period - Snap shot by Kyle Palmieri.
1:42 of 1st period - Stopped by Ukko-Pekka Luukkonen with a rebound.
2:34 of 1st period - Snap shot by Kyle Palmieri.
2:34 of 1st period - Stopped by Ukko-Pekka Luukkonen without a rebound.
2:35 of 1st period - Ridly Greig wins face-off versus Tim Stutzle in Winnipeg Jets zone.
3:31 of 1st period - Oliver Ekman-Larsson is hit by Andrew Peeke and loses puck.
4:04 of 1st period - Victor Hedman is hit by Nate Schmidt and loses puck.
4:11 of 1st period - Snap shot by Sam Steel.
4:11 of 1st period - Stopped by Joey Daccord without a rebound.
4:12 of 1st period - Tim Stutzle wins face-off versus Adam Lowry in Colorado Rockies zone.
4:44 of 1st period - Jesper Bratt is hit by Oliver Kylington and loses puck.
5:10 of 1st period - Wrist shot by Joel Armia.
5:10 of 1st period - Stopped by Joey Daccord without a rebound.
5:11 of 1st period - Connor Bedard wins face-off versus Evgeny Kuznetsov in Colorado Rockies zone.
5:45 of 1st period - Wrist shot by Adam Lowry.
5:45 of 1st period - Stopped by Joey Daccord without a rebound.
5:46 of 1st period - Connor McDavid wins face-off versus Nick Schmaltz in Colorado Rockies zone.
5:50 of 1st period - Minor Penalty to Vince Dunn for Diving.
5:51 of 1st period - Nikita Kucherov wins face-off versus Connor McDavid in Colorado Rockies zone.
6:59 of 1st period - Joel Armia is hit by Nikita Kucherov and loses puck.
7:15 of 1st period - Ryan O'Reilly is hit by Connor McDavid.
7:50 of 1st period - Penalty to Vince Dunn is over, Vince Dunn is back on ice.
8:13 of 1st period - Snap shot by Nick Schmaltz.
8:13 of 1st period - Stopped by Ukko-Pekka Luukkonen without a rebound.
8:14 of 1st period - Nick Schmaltz wins face-off versus Ridly Greig in Winnipeg Jets zone.
8:25 of 1st period - Wrist shot by Michael Bunting.
8:25 of 1st period - Stopped by Ukko-Pekka Luukkonen with a rebound.
8:36 of 1st period - Off-side.
8:37 of 1st period - Connor Bedard wins face-off versus Tim Stutzle in neutral zone.
8:40 of 1st period - Quinn Hughes is hit by Jason Zucker and loses puck.
8:51 of 1st period - Snap shot by Connor Bedard.
8:51 of 1st period - Shot Misses the Net.
10:22 of 1st period - Snap shot by Jesper Bratt.
10:22 of 1st period - Stopped by Ukko-Pekka Luukkonen with a rebound.
10:24 of 1st period - Slapshot by Martin Fehervary.
10:24 of 1st period - Stopped by Ukko-Pekka Luukkonen with a rebound.
10:38 of 1st period - Slapshot by Mason Appleton.
10:38 of 1st period - Stopped by Joey Daccord with a rebound.
10:40 of 1st period - Wrist shot by Mason Appleton.
10:40 of 1st period - Shot Misses the Net.
10:42 of 1st period - Snap shot by Barclay Goodrow.
10:42 of 1st period - Shot Blocked by Michael Bunting.
10:52 of 1st period - Joel Armia is hit by David Pastrnak and loses puck.
11:11 of 1st period - Martin Fehervary is hit by Olli Maatta and loses puck.
12:26 of 1st period - Wrist shot by David Pastrnak.
12:26 of 1st period - Shot Blocked by Olli Maatta.
12:54 of 1st period - Icing by Olen Zellweger.
12:55 of 1st period - Tim Stutzle wins face-off versus Connor Bedard in Winnipeg Jets zone.
12:58 of 1st period - Wrist shot by David Pastrnak.
12:58 of 1st period - Shot Misses the Net.
13:00 of 1st period - Snap shot by David Pastrnak.
13:00 of 1st period - Stopped by Ukko-Pekka Luukkonen with a rebound.
13:02 of 1st period - Wrist shot by Tim Stutzle.
13:02 of 1st period - Stopped by Ukko-Pekka Luukkonen with a rebound.
13:04 of 1st period - Slapshot by Victor Hedman.
13:04 of 1st period - Shot Misses the Net.
13:06 of 1st period - Wrist shot by Tim Stutzle.
13:06 of 1st period - Stopped by Ukko-Pekka Luukkonen without a rebound.
13:07 of 1st period - Connor McDavid wins face-off versus Ryan O'Reilly in Winnipeg Jets zone.
13:22 of 1st period - Slapshot by Nikita Kucherov.
13:22 of 1st period - Shot Hit the Post.
13:38 of 1st period - Snap shot by Tim Stutzle.
13:38 of 1st period - Stopped by Ukko-Pekka Luukkonen with a rebound.
13:40 of 1st period - Slapshot by Andrew Peeke.
13:40 of 1st period - Deflect By Kyle Connor.
13:40 of 1st period - Deflect By Andre Burakovsky.
13:40 of 1st period - Shot Blocked by Dylan Samberg.
13:40 of 1st period - Puck is out of play.
13:41 of 1st period - Nick Schmaltz wins face-off versus Adam Lowry in Winnipeg Jets zone.
13:48 of 1st period - Wrist shot by Kyle Palmieri.
13:48 of 1st period - Stopped by Ukko-Pekka Luukkonen with a rebound.
13:55 of 1st period - Off-side.
13:56 of 1st period - Evgeny Kuznetsov wins face-off versus Connor McDavid in neutral zone.
13:59 of 1st period - Wrist shot by Nick Schmaltz.
13:59 of 1st period - Stopped by Ukko-Pekka Luukkonen without a rebound.
14:00 of 1st period - Evgeny Kuznetsov wins face-off versus Connor McDavid in Winnipeg Jets zone.
14:51 of 1st period - Wrist shot by Nikita Kucherov.
14:51 of 1st period - Stopped by Ukko-Pekka Luukkonen with a rebound.
14:53 of 1st period - Slapshot by Victor Hedman.
14:53 of 1st period - Shot Blocked by Mason Appleton.
15:53 of 1st period - Nikita Zadorov is hit by Jason Zucker and loses puck.
16:16 of 1st period - Off-side.
16:17 of 1st period - Adam Lowry wins face-off versus Evgeny Kuznetsov in neutral zone.
16:20 of 1st period - Snap shot by Mason Appleton.
16:20 of 1st period - Stopped by Joey Daccord with a rebound.
16:22 of 1st period - Wrist shot by Oliver Kylington.
16:22 of 1st period - Shot Blocked by Nick Bonino.
16:24 of 1st period - Wrist shot by Mason Appleton.
16:24 of 1st period - Shot Misses the Net.
16:26 of 1st period - Slapshot by Oliver Ekman-Larsson.
16:26 of 1st period - Shot Blocked by Andrew Peeke.
16:59 of 1st period - Minor Penalty to Oliver Ekman-Larsson for Delaying the game.
17:00 of 1st period - Nikita Kucherov wins face-off versus Connor Bedard in Winnipeg Jets zone.
17:23 of 1st period - Victor Hedman is hit by Alexis Lafreniere and loses puck.
17:50 of 1st period - Wrist shot by Nikita Kucherov.
17:50 of 1st period - Deflect By Ryan O'Reilly.
17:50 of 1st period - Goal by Ryan O'Reilly - Winnipeg Jets : 0 - Colorado Rockies : 1.
17:51 of 1st period - Nick Schmaltz wins face-off versus Connor Bedard in neutral zone.
18:17 of 1st period - Oliver Ekman-Larsson is hit by Kyle Connor and loses puck.
18:34 of 1st period - Snap shot by Jason Zucker.
18:34 of 1st period - Shot Blocked by Quinn Hughes.
18:36 of 1st period - Slapshot by Oliver Ekman-Larsson.
18:36 of 1st period - Shot Misses the Net.
18:44 of 1st period - Snap shot by Connor Bedard.
18:44 of 1st period - Shot Blocked by Quinn Hughes.
18:46 of 1st period - Snap shot by Jason Zucker.
18:46 of 1st period - Stopped by Joey Daccord with a rebound.
18:48 of 1st period - Wrist shot by Andre Burakovsky.
18:48 of 1st period - Stopped by Joey Daccord with a rebound.
19:36 of 1st period - Wrist shot by Connor Bedard.
19:36 of 1st period - Deflect By Jason Zucker.
19:36 of 1st period - Stopped by Joey Daccord with a rebound.
19:52 of 1st period - Slapshot by Connor Bedard.
19:52 of 1st period - Shot Misses the Net.
Goals for this period are 0 for Winnipeg Jets vs 1 for Colorado Rockies.
Shots for this period are 10 for Winnipeg Jets vs 15 for Colorado Rockies.
2nd period
0:01 of 2nd period - Connor McDavid wins face-off versus Kyle Palmieri in neutral zone.
0:32 of 2nd period - Slapshot by Kyle Palmieri.
0:32 of 2nd period - Stopped by Ukko-Pekka Luukkonen without a rebound.
0:33 of 2nd period - Ryan O'Reilly wins face-off versus Adam Lowry in Winnipeg Jets zone.
0:44 of 2nd period - Slapshot by Jesper Bratt.
0:44 of 2nd period - Shot Misses the Net.
0:58 of 2nd period - Connor McDavid is hit by Nick Schmaltz and loses puck.
1:19 of 2nd period - Tim Stutzle is hit by Joel Armia and loses puck.
2:12 of 2nd period - Minor Penalty to Nikita Zadorov for Tripping.
2:13 of 2nd period - Connor Bedard wins face-off versus Ryan O'Reilly in Colorado Rockies zone.
2:20 of 2nd period - Snap shot by Connor Bedard.
2:20 of 2nd period - Deflect By Mason Appleton.
2:20 of 2nd period - Goal by Mason Appleton - Winnipeg Jets : 1 - Colorado Rockies : 1.
2:21 of 2nd period - Connor McDavid wins face-off versus Nick Schmaltz in neutral zone.
3:00 of 2nd period - Minor Penalty to Adam Lowry for Cross-checking.
3:01 of 2nd period - Connor McDavid wins face-off versus Tim Stutzle in Winnipeg Jets zone.
3:01 of 2nd period - Connor McDavid is hit by Nikita Zadorov.
3:12 of 2nd period - Slapshot by David Pastrnak.
3:12 of 2nd period - Stopped by Ukko-Pekka Luukkonen without a rebound.
3:13 of 2nd period - Alexis Lafreniere wins face-off versus Tim Stutzle in Winnipeg Jets zone.
3:13 of 2nd period - Alexis Lafreniere is hit by Martin Fehervary.
3:29 of 2nd period - Snap shot by David Pastrnak.
3:29 of 2nd period - Stopped by Ukko-Pekka Luukkonen without a rebound.
3:30 of 2nd period - Ryan O'Reilly wins face-off versus Connor McDavid in Winnipeg Jets zone.
3:37 of 2nd period - Snap shot by Nikita Kucherov.
3:37 of 2nd period - Stopped by Ukko-Pekka Luukkonen with a rebound.
3:39 of 2nd period - Wrist shot by Martin Fehervary.
3:39 of 2nd period - Shot Blocked by Dylan Samberg.
3:41 of 2nd period - Slapshot by Martin Fehervary.
3:41 of 2nd period - Deflect By Nikita Kucherov.
3:41 of 2nd period - Shot Misses the Net.
3:41 of 2nd period - Puck is out of play.
3:42 of 2nd period - Tim Stutzle wins face-off versus Connor McDavid in Winnipeg Jets zone.
4:36 of 2nd period - Minor Penalty to Victor Hedman for Roughing.
4:37 of 2nd period - Ryan O'Reilly wins face-off versus Connor McDavid in Colorado Rockies zone.
5:00 of 2nd period - Penalty to Adam Lowry is over, Adam Lowry is back on ice.
5:10 of 2nd period - Snap shot by Tom Wilson.
5:10 of 2nd period - Stopped by Joey Daccord with a rebound.
5:40 of 2nd period - Wrist shot by Tom Wilson.
5:40 of 2nd period - Shot Misses the Net.
6:01 of 2nd period - Jesper Bratt is hit by Oliver Ekman-Larsson and loses puck.
6:36 of 2nd period - Penalty to Victor Hedman is over, Victor Hedman is back on ice.
7:06 of 2nd period - Nate Schmidt is hit by Andrew Peeke and loses puck.
7:54 of 2nd period - Dylan Samberg is hit by David Pastrnak and loses puck.
8:07 of 2nd period - Adam Lowry is hit by Ryan O'Reilly and loses puck.
8:15 of 2nd period - Minor Penalty to Nikita Zadorov for Interference.
8:16 of 2nd period - Connor McDavid wins face-off versus Ryan O'Reilly in Colorado Rockies zone.
8:17 of 2nd period - Slapshot by Tom Wilson.
8:17 of 2nd period - Shot Misses the Net.
8:19 of 2nd period - Slapshot by Connor McDavid.
8:19 of 2nd period - Stopped by Joey Daccord without a rebound.
8:20 of 2nd period - Connor McDavid wins face-off versus Jesper Bratt in Colorado Rockies zone.
8:29 of 2nd period - Wrist shot by Tom Wilson.
8:29 of 2nd period - Stopped by Joey Daccord without a rebound.
8:30 of 2nd period - Connor McDavid wins face-off versus Nikita Kucherov in Colorado Rockies zone.
10:15 of 2nd period - Penalty to Nikita Zadorov is over, Nikita Zadorov is back on ice.
10:25 of 2nd period - Snap shot by Kyle Palmieri.
10:25 of 2nd period - Shot Misses the Net.
10:27 of 2nd period - Snap shot by Michael Bunting.
10:27 of 2nd period - Stopped by Ukko-Pekka Luukkonen without a rebound.
10:28 of 2nd period - Nick Schmaltz wins face-off versus Adam Lowry in Winnipeg Jets zone.
11:10 of 2nd period - Andre Burakovsky is hit by David Pastrnak and loses puck.
11:27 of 2nd period - Snap shot by Jesper Bratt.
11:27 of 2nd period - Shot Misses the Net.
11:29 of 2nd period - Slapshot by Victor Hedman.
11:29 of 2nd period - Shot Misses the Net.
11:30 of 2nd period - Minor Penalty to Victor Hedman for Holding.
11:31 of 2nd period - Nikita Kucherov wins face-off versus Connor McDavid in Colorado Rockies zone.
11:40 of 2nd period - Snap shot by Tom Wilson.
11:40 of 2nd period - Shot Blocked by Quinn Hughes.
11:42 of 2nd period - Slapshot by Olen Zellweger.
11:42 of 2nd period - Shot Blocked by Nikita Zadorov.
11:44 of 2nd period - Snap shot by Connor McDavid.
11:44 of 2nd period - Winnipeg Jets goal is going for a video replay.
11:44 of 2nd period - The goal is refused. The puck has entered the net after making contact with an attacking player’s stick that is above the height of the crossbar..
11:45 of 2nd period - Nikita Kucherov wins face-off versus Connor McDavid in Colorado Rockies zone.
12:10 of 2nd period - David Pastrnak is hit by Tom Wilson.
12:20 of 2nd period - Snap shot by Connor McDavid.
12:20 of 2nd period - Goal by Connor McDavid - Winnipeg Jets : 2 - Colorado Rockies : 1.
12:21 of 2nd period - Adam Lowry wins face-off versus Jesper Bratt in neutral zone.
12:36 of 2nd period - Wrist shot by Adam Lowry.
12:36 of 2nd period - Stopped by Joey Daccord with a rebound.
13:18 of 2nd period - Off-side.
13:19 of 2nd period - Ryan O'Reilly wins face-off versus Adam Lowry in neutral zone.
14:16 of 2nd period - Snap shot by Andre Burakovsky.
14:16 of 2nd period - Shot Blocked by Kyle Connor.
14:18 of 2nd period - Slapshot by Andre Burakovsky.
14:18 of 2nd period - Stopped by Joey Daccord without a rebound.
14:19 of 2nd period - Adam Lowry wins face-off versus Ryan O'Reilly in Colorado Rockies zone.
14:26 of 2nd period - Wrist shot by Mason Appleton.
14:26 of 2nd period - Stopped by Joey Daccord without a rebound.
14:27 of 2nd period - Adam Lowry wins face-off versus Ryan O'Reilly in Colorado Rockies zone.
14:30 of 2nd period - Snap shot by Barclay Goodrow.
14:30 of 2nd period - Stopped by Joey Daccord without a rebound.
14:31 of 2nd period - Connor McDavid wins face-off versus Ryan O'Reilly in Colorado Rockies zone.
14:46 of 2nd period - Snap shot by Quinn Hughes.
14:46 of 2nd period - Stopped by Ukko-Pekka Luukkonen with a rebound.
15:05 of 2nd period - Double Minor Penalty to Kyle Palmieri for High sticking.
15:06 of 2nd period - Connor McDavid wins face-off versus Nikita Kucherov in Colorado Rockies zone.
15:20 of 2nd period - Wrist shot by Connor McDavid.
15:20 of 2nd period - Stopped by Joey Daccord with a rebound.
15:22 of 2nd period - Snap shot by Oliver Kylington.
15:22 of 2nd period - Shot Misses the Net.
15:32 of 2nd period - Joel Armia is hit by Martin Fehervary and loses puck.
17:07 of 2nd period - Connor McDavid is hit by Tim Stutzle and loses puck.
17:18 of 2nd period - Slapshot by Kyle Connor.
17:18 of 2nd period - Shot Misses the Net.
17:20 of 2nd period - Slapshot by Andrew Peeke.
17:20 of 2nd period - Deflect By Kyle Connor.
17:20 of 2nd period - Stopped by Ukko-Pekka Luukkonen with a rebound.
17:57 of 2nd period - Nikita Kucherov is hit by Jason Zucker and loses puck.
19:05 of 2nd period - Penalty to Kyle Palmieri is over, Kyle Palmieri is back on ice.
19:43 of 2nd period - Nick Schmaltz is hit by Connor Bedard and loses puck.
Goals for this period are 2 for Winnipeg Jets vs 0 for Colorado Rockies.
Shots for this period are 11 for Winnipeg Jets vs 7 for Colorado Rockies.
3rd period
0:01 of 3rd period - Connor McDavid wins face-off versus David Pastrnak in neutral zone.
0:55 of 3rd period - Slapshot by Quinn Hughes.
0:55 of 3rd period - Deflect By Kyle Palmieri.
0:55 of 3rd period - Shot Misses the Net.
0:55 of 3rd period - Puck is out of play.
0:56 of 3rd period - Connor McDavid wins face-off versus David Pastrnak in Winnipeg Jets zone.
1:28 of 3rd period - Slapshot by Nick Schmaltz.
1:28 of 3rd period - Shot Misses the Net.
1:48 of 3rd period - Andrew Peeke is hit by Tom Wilson and loses puck.
2:01 of 3rd period - Vince Dunn is hit by Connor McDavid and loses puck.
2:14 of 3rd period - Ryan O'Reilly is hit by Tom Wilson and loses puck.
2:35 of 3rd period - Snap shot by Tom Wilson.
2:35 of 3rd period - Shot Misses the Net.
2:37 of 3rd period - Slapshot by Connor McDavid.
2:37 of 3rd period - Stopped by Joey Daccord with a rebound.
2:39 of 3rd period - Slapshot by Connor McDavid.
2:39 of 3rd period - Shot Misses the Net.
2:41 of 3rd period - Slapshot by Olli Maatta.
2:41 of 3rd period - Stopped by Joey Daccord without a rebound.
2:42 of 3rd period - Connor Bedard wins face-off versus Tim Stutzle in Colorado Rockies zone.
2:49 of 3rd period - Slapshot by Connor Bedard.
2:49 of 3rd period - Shot Blocked by Kyle Connor.
2:51 of 3rd period - Slapshot by Oliver Ekman-Larsson.
2:51 of 3rd period - Stopped by Joey Daccord with a rebound.
2:53 of 3rd period - Slapshot by Connor Bedard.
2:53 of 3rd period - Stopped by Joey Daccord with a rebound.
2:55 of 3rd period - Snap shot by Andre Burakovsky.
2:55 of 3rd period - Stopped by Joey Daccord without a rebound.
2:56 of 3rd period - Tim Stutzle wins face-off versus Adam Lowry in Colorado Rockies zone.
2:56 of 3rd period - David Pastrnak is hit by Barclay Goodrow and loses puck.
3:10 of 3rd period - Minor Penalty to Oliver Ekman-Larsson for Roughing.
3:11 of 3rd period - Jason Zucker wins face-off versus David Pastrnak in Winnipeg Jets zone.
3:47 of 3rd period - Wrist shot by Nikita Kucherov.
3:47 of 3rd period - Stopped by Ukko-Pekka Luukkonen without a rebound.
3:48 of 3rd period - Alexis Lafreniere wins face-off versus Tim Stutzle in Winnipeg Jets zone.
4:01 of 3rd period - Slapshot by Kyle Connor.
4:01 of 3rd period - Shot Misses the Net.
4:03 of 3rd period - Snap shot by Kyle Connor.
4:03 of 3rd period - Goal by Kyle Connor - Winnipeg Jets : 2 - Colorado Rockies : 2.
4:04 of 3rd period - Tim Stutzle wins face-off versus Connor McDavid in neutral zone.
4:33 of 3rd period - Dylan Samberg is hit by Nikita Zadorov and loses puck.
5:01 of 3rd period - Olen Zellweger is hit by Nikita Zadorov and loses puck.
5:22 of 3rd period - Snap shot by Kyle Palmieri.
5:22 of 3rd period - Stopped by Ukko-Pekka Luukkonen with a rebound.
5:24 of 3rd period - Wrist shot by Martin Fehervary.
5:24 of 3rd period - Stopped by Ukko-Pekka Luukkonen without a rebound.
5:25 of 3rd period - Tim Stutzle wins face-off versus Adam Lowry in Winnipeg Jets zone.
5:37 of 3rd period - Minor Penalty to David Pastrnak for Hooking.
5:38 of 3rd period - Tom Wilson wins face-off versus Nikita Kucherov in Colorado Rockies zone.
7:36 of 3rd period - Martin Fehervary is hit by Olli Maatta and loses puck.
7:37 of 3rd period - Penalty to David Pastrnak is over, David Pastrnak is back on ice.
7:49 of 3rd period - Nikita Zadorov is hit by Olli Maatta and loses puck.
8:27 of 3rd period - Wrist shot by Tom Wilson.
8:27 of 3rd period - Shot Blocked by Kyle Connor.
8:29 of 3rd period - Slapshot by Dylan Samberg.
8:29 of 3rd period - Stopped by Joey Daccord without a rebound.
8:30 of 3rd period - Evgeny Kuznetsov wins face-off versus Connor Bedard in Colorado Rockies zone.
8:30 of 3rd period - Evgeny Kuznetsov is hit by Jason Zucker.
8:52 of 3rd period - Minor Penalty to Nick Bonino for Interference.
8:53 of 3rd period - Ryan O'Reilly wins face-off versus Connor Bedard in Colorado Rockies zone.
9:00 of 3rd period - Snap shot by Joel Armia.
9:00 of 3rd period - Shot Misses the Net.
9:02 of 3rd period - Wrist shot by Connor Bedard.
9:02 of 3rd period - Shot Misses the Net.
9:04 of 3rd period - Slapshot by Oliver Kylington.
9:04 of 3rd period - Deflect By Mason Appleton.
9:04 of 3rd period - Shot Blocked by Martin Fehervary.
9:04 of 3rd period - Puck is out of play.
9:05 of 3rd period - Ryan O'Reilly wins face-off versus Connor Bedard in Colorado Rockies zone.
9:19 of 3rd period - Double Minor Penalty to Nikita Zadorov for High sticking.
9:20 of 3rd period - Joel Armia wins face-off versus Kyle Palmieri in Colorado Rockies zone.
10:12 of 3rd period - Martin Fehervary is hit by Alexis Lafreniere.
10:52 of 3rd period - Penalty to Nick Bonino is over, Nick Bonino is back on ice.
11:33 of 3rd period - Icing by Ridly Greig.
11:34 of 3rd period - Connor McDavid wins face-off versus Ryan O'Reilly in Winnipeg Jets zone.
12:14 of 3rd period - Slapshot by Oliver Ekman-Larsson.
12:14 of 3rd period - Shot Misses the Net.
12:16 of 3rd period - Backhand shot by Alexis Lafreniere.
12:16 of 3rd period - Shot Misses the Net.
12:18 of 3rd period - Snap shot by Olen Zellweger.
12:18 of 3rd period - Shot Blocked by Quinn Hughes.
12:20 of 3rd period - Slapshot by Oliver Ekman-Larsson.
12:20 of 3rd period - Shot Blocked by David Pastrnak.
12:22 of 3rd period - Snap shot by Oliver Ekman-Larsson.
12:22 of 3rd period - Shot Blocked by Quinn Hughes.
12:24 of 3rd period - Wrist shot by Olen Zellweger.
12:24 of 3rd period - Deflect By Victor Hedman.
12:24 of 3rd period - Stopped by Joey Daccord with a rebound.
12:26 of 3rd period - Snap shot by Connor McDavid.
12:26 of 3rd period - Shot Misses the Net.
12:28 of 3rd period - Wrist shot by Alexis Lafreniere.
12:28 of 3rd period - Stopped by Joey Daccord without a rebound.
12:29 of 3rd period - Ryan O'Reilly wins face-off versus Joel Armia in Colorado Rockies zone.
12:34 of 3rd period - Joel Armia is hit by Ryan O'Reilly.
12:42 of 3rd period - Wrist shot by Joel Armia.
12:42 of 3rd period - Stopped by Joey Daccord with a rebound.
12:44 of 3rd period - Snap shot by Joel Armia.
12:44 of 3rd period - Shot Misses the Net.
13:06 of 3rd period - Oliver Kylington is hit by Quinn Hughes and loses puck.
13:19 of 3rd period - Penalty to Nikita Zadorov is over, Nikita Zadorov is back on ice.
13:21 of 3rd period - Jesper Bratt is hit by Olen Zellweger and loses puck.
13:28 of 3rd period - Adam Lowry is hit by Nikita Zadorov and loses puck.
13:50 of 3rd period - Sam Steel is hit by Michael Bunting and loses puck.
14:03 of 3rd period - Minor Penalty to Dylan Samberg for Roughing.
14:04 of 3rd period - Connor McDavid wins face-off versus Tim Stutzle in Winnipeg Jets zone.
14:45 of 3rd period - Tom Wilson is hit by Jesper Bratt and loses puck.
14:54 of 3rd period - Slapshot by Jesper Bratt.
14:54 of 3rd period - Shot Misses the Net.
16:03 of 3rd period - Penalty to Dylan Samberg is over, Dylan Samberg is back on ice.
16:08 of 3rd period - Mason Appleton is hit by Evgeny Kuznetsov and loses puck.
16:41 of 3rd period - Snap shot by Connor Bedard.
16:41 of 3rd period - Stopped by Joey Daccord with a rebound.
16:43 of 3rd period - Slapshot by Dylan Samberg.
16:43 of 3rd period - Stopped by Joey Daccord with a rebound.
17:05 of 3rd period - Minor Penalty to Joel Armia for Tripping.
17:06 of 3rd period - Ryan O'Reilly wins face-off versus Alexis Lafreniere in Winnipeg Jets zone.
17:45 of 3rd period - Ryan O'Reilly is hit by Oliver Ekman-Larsson and loses puck.
19:05 of 3rd period - Penalty to Joel Armia is over, Joel Armia is back on ice.
19:21 of 3rd period - Minor Penalty to Olen Zellweger for Cross-checking.
19:22 of 3rd period - Tim Stutzle wins face-off versus Alexis Lafreniere in Winnipeg Jets zone.
Goals for this period are 0 for Winnipeg Jets vs 1 for Colorado Rockies.
Shots for this period are 11 for Winnipeg Jets vs 4 for Colorado Rockies.
Overtime #1
0:01 of 1st overtime period - Connor McDavid wins face-off versus Nick Bonino in neutral zone.
0:04 of 1st overtime period - Slapshot by Oliver Ekman-Larsson.
0:04 of 1st overtime period - Deflect By Jesper Bratt.
0:04 of 1st overtime period - Stopped by Joey Daccord with a rebound.
0:06 of 1st overtime period - Snap shot by Connor McDavid.
0:06 of 1st overtime period - Shot Misses the Net.
0:08 of 1st overtime period - Slapshot by Oliver Kylington.
0:08 of 1st overtime period - Shot Misses the Net.
0:10 of 1st overtime period - Slapshot by Oliver Kylington.
0:10 of 1st overtime period - Shot Blocked by Martin Fehervary.
0:12 of 1st overtime period - Slapshot by Oliver Kylington.
0:12 of 1st overtime period - Goal by Oliver Kylington - Winnipeg Jets : 3 - Colorado Rockies : 2.
Goals for this period are 1 for Winnipeg Jets vs 0 for Colorado Rockies.
Shots for this period are 2 for Winnipeg Jets vs 0 for Colorado Rockies.
Back to the Top